AoeStats
← 焕

Nomad

509953935Analyzed
2v2 RM · 3d ago on Sep 28, 2026· 27m 40s· 4 players
Game mode
Random Map
Map size
176×176
Population
200
Speed
Normal
Resources
Standard
Victory
Conquest
Starting age
Dark Age
Ending age
Imperial Age
RankedLock teamsTeams togetherTeam positionsShared explorationLock speedFull tech treeHidden civsTurbo modeCheats
Victory
Defeat
🇮🇹 Persians · Italy
1297
+14
🇮🇹 Romans · Italy
1276
+15
🇫🇷 Mongols · France
1265
-15
🇦🇷 Cumans · Argentina
1238
-14
guillaumegbzh
3:41 Loom
22:19 Feudal Age
23:31 Double-Bit Axe
28:13 Castle Age
Nitsuga
13:09 Feudal Age
13:14 Loom
21:46 Castle Age
24:52 Bloodlines
塔奈花铃
3:57 Loom
5:59 Loom
21:19 Feudal Age
23:03 Wheelbarrow
22:14 Town Watch
22:44 Double-Bit Axe
27:48 Castle Age
焕
6:07 Loom
13:18 Feudal Age
15:10 Forging
14:50 Fletching
15:50 Double-Bit Axe
16:02 Fishing Lines
16:10 Fishing Lines
17:39 Gold Mining
21:09 Castle Age
19:45 Wheelbarrow
20:34 Scale Barding Armor
20:39 Forging
21:11 Bloodlines
22:01 Husbandry
22:47 Chain Barding Armor
27:15 Hand Cart
27:38 Gillnets
Connection lost

Rejoining the realm…

Still unreachable

The connection could not be restored.

Session expired

The server has moved on; the page needs a fresh start.